 Dungeon Crawl Stone Soup version 0.30-a0-374-g95c0257040 (webtiles) character file.

Game seed: 2563970704810715521

13 Haldmier the Sneak (level 2, 0/26 HPs)
             Began as an Armataur Delver on Nov 26, 2022.
             Slain by an orc wizard
             ... wielding a +0 dagger
              (3 damage)
             ... on level 4 of the Dungeon.
             The game lasted 00:03:36 (471 turns).

Haldmier the Sneak (Armataur Delver)                 Turns: 471, Time: 00:03:36

Health: 0/26       AC:  4    Str: 17    XL:     2   Next: 24%
Magic:  2/2        EV:  9    Int: 10    God:
Gold:   24         SH:  0    Dex: 11    Spells: 1/1 levels left

rFire   . . .      SeeInvis .    a - +0 falchion
rCold   . . .      Faith    .    (no shield)
rNeg    . . .      Spirit   .    b - +0 leather armour
rPois   .          Reflect  .    (no helmet)
rElec   .          Harm     .    (no cloak)
rCorr   .          Roll     +    (no gloves)
Will    .....                    (no barding)
Stlth   +.........               (no amulet)
HPRegen 0.24/turn                (no ring)
MPRegen 0.08/turn                (no ring)

@: confused
A: large, rugged brown scales 3, deformed body, armoured tail, roll, long
tongue, awkward tongue
a: no special abilities


You were on level 4 of the Dungeon.
You visited 1 branch of the dungeon, and saw 3 of its levels.

You collected 24 gold pieces.

Inventory:

Hand Weapons
 a - a +0 falchion (weapon)
Armour
 b - a +0 leather armour (worn)
 k - a +0 scale mail
Wands
 g - a wand of digging (3)
Scrolls
 c - 2 scrolls of fog
 d - a scroll of magic mapping
 e - a scroll of fear
 h - a scroll of enchant armour {unknown}
 j - a scroll of identify {unknown}
 l - a scroll of immolation {unknown}
 m - a scroll of blinking {unknown}
Potions
 f - a potion of haste
 i - a potion of mutation {unknown}
 n - a potion of heal wounds {unknown}


   Skills:
 - Level 2.7 Fighting
 * Level 2.6 Long Blades
 - Level 1.4 Dodging
 - Level 5.4 Stealth


You had one spell level left.
You didn't know any spells.
Your spell library was empty.

Dungeon Overview and Level Annotations

Branches:
Dungeon (5/15)
 Temple: D:4-7

Altars:


Innate Abilities, Weirdness & Mutations

You are completely covered in rugged brown scales. (AC +3, +7% HP)
Armour fits poorly on your strangely shaped body.
You have a long armoured tail.
You roll when moving toward enemies. (Rampage)
Your long tongue fully drains potion bottles. (2x potion effects)
Your tongue gives you trouble enunciating. (1.5x scroll delay)


Message History

You start resting.
HP restored.
There is a stone staircase leading up here.
You roll towards the worm!
Found a scroll labelled JIC REILAHIYF.
There is a stone staircase leading down here.
You hit the worm.
Your tail-slap misses the worm.
The worm is lightly wounded.
The worm bites you but does no damage.
You hit the worm but do no damage. You tail-slap the worm!
The worm is heavily wounded.
You hit the worm. You punch the worm.
The worm is severely wounded.
The worm bites you!
There is a stone staircase leading up here.
You climb upwards.
The orc wizard closely misses you.
There is a stone staircase leading down, spattered with blood here.
The orc misses you.
The orc wizard hits you with a +0 dagger.
You climb downwards.
There is a stone staircase leading up here.
You miss the orc wizard. The orc hits you with a +0 mace.
The orc wizard hits you with a +0 dagger.
The orc wizard attacks as you move away!
The orc wizard hits you with a +0 dagger.
Things that are here:
a +0 leather armour; a +0 short sword You closely miss the orc wizard.
The orc wizard gestures at you while chanting.
You are confused.
You bump into the rock wall.
The orc wizard points at you and mumbles some strange words.
The puff of flame hits you.
* * * LOW HITPOINT WARNING * * *
You miss the orc wizard.
The orc wizard casts a spell.
The orc wizard flickers and vanishes!
Deactivating autopickup; reactivate with Ctrl-A.
Something hits you but does no damage.
You bump into the rock wall.
Something hits you.
You die...

#####..........#.# #.#
###.........###.##.###.#
#..................##..#
####.#.###.....###.......######
..............# #.####........
#####.....##### #.####.#######
............# #...##.#
.###.....##.######.#.##.#
#...>.##.o{@....#.##.#
#.#l####..#####.#.##.#
#.#.##........#.#.##.# #...
#.#..###.#.#.##.# ..# #.#..#
#.#.# #<. #.#..# #.#.# #..
.....# #.. ..? ....## .. ##.###


You could see an orc.

Vanquished Creatures
  A dart slug (D:4)
  2 orcs
  2 hobgoblins (D:4)
  A quokka (D:4)
  2 ball pythons
  A frilled lizard (D:3)
9 creatures vanquished.

Notes
Turn   | Place    | Note
-------+----------+-------------------------------------------
     0 | D:5      | Haldmier the Armataur Delver began the quest for the Orb.
     0 | D:5      | Reached XP level 1. HP: 19/19 MP: 1/1
   333 | D:4      | Noticed an iguana
   343 | D:3      | Reached XP level 2. HP: 26/26 MP: 2/2
   471 | D:4      | Slain by an orc wizard

Illustrated notes

Levels and vault maps discovered:
D:3:      layout_loops_ring, corexii_corridor_pit, minmay_misc_feat_square,
          chequers_serial_rivers_large_a, minmay_misc_feat_rows
D:4:      minmay_general_purpose_star, layout_loops_ring
D:5:      layout_cave_pods, kennysheep_generic_room_15

Skill      XL: |  1 |
---------------+----+-----
Long Blades    | 2 |  2.6
Fighting       | |  2.7
Dodging        | |  1.4
Stealth        | |  5.4

Action                   || total
-------------------------++-------
Melee: Falchion          ||    31
       Tailslap          ||     5
       Punch             ||     1
 Stab: Sleeping          ||     4
Armor: Leather armour    ||     8
Dodge: Dodged            ||    11

Table legend: (Time is in decaauts)
 A = Elapsed time spent in this place.
 B = Non-inter-level travel time spent in this place.
 C = Inter-level travel time spent in this place.
 D = Time resting spent in this place.
 E = Time spent auto-exploring this place.
 F = Levels seen in this place.
 G = Mean time per level.
                   A        B        C        D        E       F      G
               +--------+--------+--------+--------+--------+-----+--------+
         Total |    477 |    477 |      0 |     75 |     33 |   3 |  159.0 |
       Dungeon |    477 |    477 |      0 |     75 |     33 |   3 |  159.0 |
               +--------+--------+--------+--------+--------+-----+--------+

Top non-repeatable levels by time:
     D:4: 399 daAuts
     D:3: 69 daAuts
     D:5: 9 daAuts
